General information
- name: BNet
- type: Ladder team game (AT/RT)
- host: Battle.net
- saver: Legionary
map: GolemsInTheMist
- players: 8
- length: 22:52
- speed: Fast
- version: 1.26 W3XP
- replay type: Public
» download(179 KB)
Players
team 1 (loser)
The_Blazed (
yellow | 58 APM | 1305 actions | 22:24)
4 Blademaster
2 Wind Walk
2 Critical Strike
3 Shadow Hunter
2 Healing Wave
1 Hex
» actions
| Assign group hotkey | 6 | |
| Basic commands | 13 | |
| Build / train | 96 | |
| Enter build submenu | 14 | |
| Enter hero's abilities submenu | 7 | |
| Give item / drop item | 3 | |
| Right click | 801 | |
| Select / deselect | 273 | |
| Select group hotkey | 27 | |
| Use ability | 65 | |
1305 total
» units
| Peon | 8 | |
| Troll Headhunter/Berserker | 43 | |
| Goblin Shredder | 6 | |
| Shaman | 14 | |
71 total
» upgrades
| Ranged Weapons | 3 | |
| Armor | 3 | |
| Shaman Training | 2 | |
| Berserker Upgrade | 1 | |
9 total
» buildings
| Altar of Storms | 1 | |
| Orc Burrow | 7 | |
| Barracks | 2 | |
| War Mill | 1 | |
| Voodoo Lounge | 1 | |
| Stronghold | 1 | |
| Fortress | 2 | |
| Spirit Lodge | 2 | |
17 total
» build order
00:27 Altar of Storms
00:32 Orc Burrow
01:17 Barracks
01:24 War Mill
01:41 Voodoo Lounge
02:17 Orc Burrow
02:49 Barracks
03:54 Orc Burrow
05:37 Stronghold
06:34 Orc Burrow
06:38 Orc Burrow
09:22 Fortress
09:22 Fortress
09:32 Spirit Lodge
09:45 Spirit Lodge
13:01 Orc Burrow
18:25 Orc Burrow
» items
OSAMA-BIN-LADEN (
purple | 72 APM | 1440 actions | 19:59)
3 Blood Mage
2 Flame Strike
1 Siphon Mana
» actions
| Assign group hotkey | 36 | |
| Basic commands | 62 | |
| Build / train | 86 | |
| ESC pressed | 5 | |
| Enter build submenu | 35 | |
| Enter hero's abilities submenu | 3 | |
| Give item / drop item | 2 | |
| Right click | 669 | |
| Select / deselect | 326 | |
| Select group hotkey | 144 | |
| Use ability | 72 | |
1440 total
» units
| Peasant | 29 | |
| Siege Engine | 5 | |
| Flying Machine | 11 | |
| Mortar Team | 5 | |
50 total
» upgrades
| Masonry | 3 | |
| Gunpowder | 3 | |
| Plating | 3 | |
| Flak Cannons | 1 | |
| Fragmentation Shards | 1 | |
11 total
» buildings
| Altar of Kings | 1 | |
| Farm | 11 | |
| Arcane Vault | 1 | |
| Town Hall | 1 | |
| Blacksmith | 2 | |
| Lumber Mill | 3 | |
| Keep | 2 | |
| Scout Tower | 8 | |
| Guard Tower | 5 | |
| Castle | 3 | |
| Workshop | 6 | |
43 total
» build order
00:05 Altar of Kings
00:07 Farm
00:41 Farm
00:52 Arcane Vault
01:25 Farm
03:53 Town Hall
03:59 Blacksmith
04:05 Lumber Mill
05:28 Keep
05:28 Keep
05:32 Scout Tower
05:33 Scout Tower
05:35 Scout Tower
05:40 Scout Tower
05:43 Lumber Mill
06:04 Guard Tower
06:05 Guard Tower
06:08 Guard Tower
06:10 Blacksmith
07:19 Scout Tower
07:23 Scout Tower
07:50 Castle
07:50 Castle
07:54 Workshop
07:57 Workshop
08:00 Workshop
08:28 Workshop
08:36 Lumber Mill
08:42 Workshop
08:57 Workshop
09:29 Farm
09:31 Farm
10:36 Farm
10:37 Farm
10:38 Farm
10:54 Scout Tower
10:56 Scout Tower
11:19 Farm
12:03 Farm
12:05 Farm
16:24 Guard Tower
16:26 Guard Tower
» items
| Scroll of Regeneration | 5 | |
| Lesser Clarity Potion | 3 | |
8 total
chrisg303 (
orange | 33 APM | 750 actions | 22:51)
3 Paladin
1 Holy Light
1 Divine Shield
1 Devotion Aura
1 Mountain King
1 Storm Bolt
» actions
| Assign group hotkey | 1 | |
| Basic commands | 1 | |
| Build / train | 61 | |
| Enter build submenu | 17 | |
| Enter hero's abilities submenu | 4 | |
| Give item / drop item | 1 | |
| Right click | 386 | |
| Select / deselect | 228 | |
| Select group hotkey | 1 | |
| Use ability | 49 | |
750 total
» units
| Peasant | 10 | |
| Footman | 26 | |
| Rifleman | 4 | |
| Goblin Shredder | 1 | |
| Goblin Zeppelin | 2 | |
43 total
» upgrades
» buildings
| Altar of Kings | 1 | |
| Barracks | 1 | |
| Farm | 9 | |
| Lumber Mill | 1 | |
| Blacksmith | 1 | |
| Keep | 2 | |
| Arcane Vault | 1 | |
| Town Hall | 3 | |
| Castle | 1 | |
20 total
» build order
00:13 Altar of Kings
00:16 Barracks
00:44 Farm
00:46 Farm
01:42 Farm
02:14 Lumber Mill
02:24 Farm
02:58 Farm
03:24 Farm
04:18 Blacksmith
04:53 Keep
05:04 Arcane Vault
11:05 Town Hall
11:33 Castle
16:25 Town Hall
17:16 Town Hall
19:27 Keep
21:18 Farm
21:22 Farm
22:23 Farm
» items
| Potion of Healing | 2 | |
| Orb of Fire | 1 | |
| Scroll of Regeneration | 2 | |
| Scroll of Town Portal | 1 | |
| Orb of Lightning | 1 | |
7 total
A-SeeD-of-GOD (
green | 29 APM | 651 actions | 22:40)
5 Demon Hunter
3 Immolation
2 Evasion
» actions
| Assign group hotkey | 21 | |
| Build / train | 59 | |
| Enter build submenu | 17 | |
| Enter hero's abilities submenu | 5 | |
| Right click | 240 | |
| Select / deselect | 243 | |
| Select group hotkey | 10 | |
| Use ability | 56 | |
651 total
» units
| Wisp | 12 | |
| Archer | 3 | |
| Huntress | 4 | |
| Glaive Thrower | 1 | |
| Druid of the Claw | 14 | |
| Flying Machine | 2 | |
36 total
» upgrades
| Strength of the Wild | 3 | |
| Druid of the Claw Training | 2 | |
| Reinforced Hides | 1 | |
| Mark of the Claw | 1 | |
7 total
» buildings
| Altar of Elders | 1 | |
| Moon Well | 8 | |
| Ancient of War | 1 | |
| Hunter's Hall | 1 | |
| Ancient of Wonders | 1 | |
| Ancient Protector | 1 | |
| Tree of Ages | 2 | |
| Ancient of Lore | 3 | |
| Tree of Eternity | 1 | |
19 total
» build order
00:26 Altar of Elders
00:40 Moon Well
00:54 Ancient of War
01:38 Moon Well
02:25 Hunter's Hall
03:25 Ancient of Wonders
03:30 Moon Well
04:01 Ancient Protector
04:33 Moon Well
05:56 Tree of Ages
08:21 Ancient of Lore
08:28 Ancient of Lore
08:31 Ancient of Lore
10:49 Moon Well
10:53 Tree of Eternity
11:43 Moon Well
11:53 Moon Well
12:43 Moon Well
» items
| Lesser Clarity Potion | 1 | |
| Orb of Venom | 1 | |
2 total
team 2 (winner)

»
fvckthefacts (
blue | 85 APM | 1938 actions | 22:51)
5 Demon Hunter
3 Mana Burn
1 Immolation
1 Evasion
» actions
| Basic commands | 40 | |
| Build / train | 67 | |
| Enter build submenu | 32 | |
| Enter hero's abilities submenu | 5 | |
| Give item / drop item | 1 | |
| Remove unit from queue | 2 | |
| Right click | 786 | |
| Select / deselect | 936 | |
| Use ability | 69 | |
1938 total
» units
| Wisp | 15 | |
| Archer | 9 | |
| Hippogryph | 5 | |
| Chimaera | 14 | |
43 total
» upgrades
| Improved Bows | 1 | |
| Strength of the Wild | 3 | |
| Well Spring | 1 | |
| Corrosive Breath | 1 | |
| Reinforced Hides | 1 | |
7 total
» buildings
| Moon Well | 16 | |
| Altar of Elders | 3 | |
| Ancient of War | 1 | |
| Ancient of Wonders | 2 | |
| Tree of Ages | 2 | |
| Hunter's Hall | 1 | |
| Ancient of Wind | 2 | |
| Tree of Eternity | 4 | |
| Chimaera Roost | 3 | |
| Tree of Life | 1 | |
35 total
» build order
00:06 Moon Well
00:10 Altar of Elders
00:14 Ancient of War
01:51 Moon Well
02:37 Ancient of Wonders
03:30 Tree of Ages
03:30 Tree of Ages
04:01 Moon Well
05:09 Moon Well
05:16 Hunter's Hall
06:07 Ancient of Wind
06:14 Tree of Eternity
06:14 Tree of Eternity
06:14 Tree of Eternity
08:37 Chimaera Roost
08:42 Chimaera Roost
08:45 Chimaera Roost
10:04 Moon Well
10:07 Moon Well
11:12 Moon Well
14:17 Moon Well
14:19 Moon Well
14:41 Moon Well
15:10 Altar of Elders
15:13 Altar of Elders
15:39 Moon Well
16:35 Moon Well
17:03 Ancient of Wonders
17:27 Moon Well
17:41 Moon Well
18:22 Moon Well
18:51 Moon Well
20:59 Tree of Life
21:49 Ancient of Wind
» items
| Moonstone | 2 | |
| Scroll of Town Portal | 1 | |
3 total
Legionary (
teal | 105 APM | 2400 actions | 22:52)
7 Blood Mage
3 Flame Strike
3 Siphon Mana
1 Summon Phoenix
» actions
| Assign group hotkey | 44 | |
| Basic commands | 87 | |
| Build / train | 150 | |
| ESC pressed | 8 | |
| Enter build submenu | 46 | |
| Enter hero's abilities submenu | 7 | |
| Give item / drop item | 1 | |
| Right click | 909 | |
| Select / deselect | 377 | |
| Select group hotkey | 617 | |
| Use ability | 154 | |
2400 total
» units
| Peasant | 20 | |
| Footman | 11 | |
| Goblin Shredder | 3 | |
| Flying Machine | 3 | |
| Sorceress | 3 | |
| Mortar Team | 3 | |
| Goblin Sapper | 13 | |
56 total
» upgrades
| Defend | 1 | |
| Masonry | 3 | |
| Swords | 1 | |
| Lumber Harvesting | 2 | |
| Plating | 1 | |
| Gunpowder | 3 | |
| Sorceress Training | 2 | |
| Magic Sentry | 1 | |
| Flak Cannons | 1 | |
| Flying Machine Bombs | 1 | |
| Fragmentation Shards | 1 | |
| Armor | 2 | |
| Flare | 1 | |
| Animal War Training | 1 | |
21 total
» buildings
| Altar of Kings | 1 | |
| Barracks | 1 | |
| Farm | 11 | |
| Town Hall | 1 | |
| Arcane Vault | 1 | |
| Scout Tower | 17 | |
| Arcane Tower | 4 | |
| Lumber Mill | 2 | |
| Keep | 1 | |
| Guard Tower | 18 | |
| Blacksmith | 1 | |
| Arcane Sanctum | 1 | |
| Workshop | 4 | |
| Castle | 3 | |
| Gryphon Aviary | 2 | |
68 total
» build order
00:13 Altar of Kings
00:18 Barracks
00:20 Farm
00:51 Farm
01:38 Farm
02:18 Farm
03:54 Town Hall
04:20 Arcane Vault
04:53 Scout Tower
05:00 Scout Tower
05:22 Arcane Tower
05:26 Arcane Tower
05:26 Arcane Tower
05:43 Lumber Mill
06:09 Farm
06:47 Keep
06:53 Scout Tower
07:01 Scout Tower
07:02 Scout Tower
07:22 Guard Tower
07:22 Guard Tower
07:22 Guard Tower
07:31 Guard Tower
07:31 Guard Tower
07:31 Guard Tower
07:34 Blacksmith
09:13 Arcane Sanctum
09:18 Workshop
09:21 Castle
09:22 Castle
09:26 Workshop
09:27 Workshop
09:36 Workshop
11:20 Scout Tower
11:22 Scout Tower
11:23 Scout Tower
11:25 Scout Tower
11:26 Scout Tower
11:33 Lumber Mill
12:00 Guard Tower
12:01 Guard Tower
12:01 Guard Tower
14:12 Farm
14:13 Farm
14:13 Farm
14:14 Farm
14:14 Farm
14:15 Farm
14:20 Scout Tower
14:20 Scout Tower
14:25 Scout Tower
14:25 Scout Tower
14:26 Scout Tower
14:26 Scout Tower
14:27 Scout Tower
16:04 Guard Tower
16:04 Guard Tower
16:04 Guard Tower
20:32 Gryphon Aviary
20:33 Gryphon Aviary
» items
| Scroll of Regeneration | 5 | |
| Lesser Clarity Potion | 3 | |
| Scroll of Town Portal | 5 | |
| Mechanical Critter | 4 | |
| Potion of Healing | 2 | |
| Potion of Mana | 1 | |
| Staff of Sanctuary | 1 | |
| Orb of Fire | 1 | |
22 total
DementedElf (
red | 43 APM | 988 actions | 22:51)
5 Mountain King
2 Storm Bolt
3 Bash
4 Paladin
2 Holy Light
2 Divine Shield
» actions
| Assign group hotkey | 23 | |
| Basic commands | 20 | |
| Build / train | 65 | |
| Enter build submenu | 26 | |
| Enter hero's abilities submenu | 9 | |
| Give item / drop item | 1 | |
| Right click | 241 | |
| Select / deselect | 240 | |
| Select group hotkey | 298 | |
| Use ability | 65 | |
988 total
» units
| Peasant | 9 | |
| Footman | 9 | |
| Goblin Shredder | 1 | |
| Knight | 9 | |
| Siege Engine | 4 | |
32 total
» upgrades
| Masonry | 3 | |
| Plating | 3 | |
| Swords | 3 | |
| Animal War Training | 1 | |
| Gunpowder | 3 | |
| Barrage | 1 | |
| Lumber Harvesting | 1 | |
15 total
» buildings
| Altar of Kings | 1 | |
| Farm | 10 | |
| Barracks | 2 | |
| Scout Tower | 5 | |
| Arcane Tower | 1 | |
| Lumber Mill | 1 | |
| Blacksmith | 1 | |
| Keep | 1 | |
| Arcane Vault | 1 | |
| Castle | 1 | |
| Workshop | 1 | |
| Guard Tower | 1 | |
| Town Hall | 2 | |
| Cannon Tower | 1 | |
29 total
» build order
00:14 Altar of Kings
00:19 Farm
01:02 Barracks
01:16 Farm
01:53 Farm
02:04 Barracks
02:29 Scout Tower
03:01 Farm
03:11 Arcane Tower
03:31 Lumber Mill
04:01 Blacksmith
05:25 Farm
05:30 Keep
06:00 Arcane Vault
06:12 Scout Tower
07:24 Scout Tower
08:27 Castle
08:48 Workshop
09:58 Guard Tower
10:05 Town Hall
10:22 Farm
11:17 Farm
12:00 Farm
12:53 Farm
13:49 Scout Tower
14:47 Scout Tower
15:23 Farm
18:09 Cannon Tower
22:22 Town Hall
» items
| Scroll of Town Portal | 1 | |
| Scroll of Regeneration | 1 | |
2 total

»
sakuragi (
pink | 44 APM | 1015 actions | 22:51)
5 Keeper of the Grove
1 Force of Nature
3 Thorns Aura
1 Entangling Roots
4 Priestess of the Moon
2 Trueshot Aura
2 Searing Arrows
» actions
| Assign group hotkey | 90 | |
| Basic commands | 42 | |
| Build / train | 72 | |
| Enter build submenu | 29 | |
| Enter hero's abilities submenu | 9 | |
| Remove unit from queue | 1 | |
| Right click | 212 | |
| Select / deselect | 292 | |
| Select group hotkey | 201 | |
| Use ability | 67 | |
1015 total
» units
| Wisp | 30 | |
| Archer | 8 | |
| Goblin Shredder | 1 | |
| Dryad | 12 | |
51 total
» upgrades
| Strength of the Wild | 2 | |
| Reinforced Hides | 2 | |
| Abolish Magic | 1 | |
5 total
» buildings
| Altar of Elders | 1 | |
| Moon Well | 9 | |
| Ancient of War | 2 | |
| Hunter's Hall | 1 | |
| Tree of Life | 3 | |
| Tree of Ages | 2 | |
| Ancient of Wonders | 2 | |
| Ancient Protector | 7 | |
| Ancient of Lore | 3 | |
| Tree of Eternity | 2 | |
32 total
» build order
00:15 Altar of Elders
00:20 Moon Well
00:46 Ancient of War
01:37 Moon Well
02:06 Ancient of War
02:58 Hunter's Hall
03:29 Moon Well
04:42 Tree of Life
04:53 Tree of Ages
05:26 Ancient of Wonders
06:15 Moon Well
06:47 Ancient Protector
07:10 Ancient Protector
08:30 Ancient Protector
08:53 Ancient Protector
09:07 Ancient of Lore
09:12 Ancient of Lore
09:44 Ancient Protector
10:40 Ancient Protector
10:57 Ancient of Lore
11:14 Tree of Eternity
13:09 Ancient Protector
15:27 Moon Well
17:01 Tree of Ages
17:08 Moon Well
17:11 Moon Well
17:24 Moon Well
17:27 Moon Well
18:05 Tree of Life
18:45 Ancient of Wonders
20:49 Tree of Life
21:28 Tree of Eternity
Chat log
(00:31 / Allies) DementedElf: knights tanks later
(00:41 / Allies) fvckthefacts: hm
(00:55 / Allies) sakuragi: archers/dryads
(01:24 / Allies) fvckthefacts: hipps chims
(06:20 / Allies) DementedElf: blue
(08:23 / Allies) DementedElf: here
(08:53 / Allies) fvckthefacts: t
(08:54 / Allies) fvckthefacts: y
(10:26 / Allies) DementedElf: back
(13:59 / All) Legionary: dumbass orange lol
(14:20 / Allies) fvckthefacts: ty
(16:24 / Allies) Legionary: repair
(16:27 / Allies) Legionary: hall
(16:30 / Allies) Legionary: when it gets attacked
(16:31 / Allies) DementedElf: u 2 follow tanksw
(16:38 / Allies) Legionary: repair hall
(16:43 / Allies) Legionary: with gold mine workers
(16:44 / Allies) Legionary: wow
(17:59 / Allies) DementedElf: back
(18:03 / Allies) DementedElf: i gotta heal
(18:04 / Allies) DementedElf: back teal
(18:53 / Allies) DementedElf: back
(22:29 / All) DementedElf: gg though
(22:43 / All) Legionary: lol
(22:51 / Allies) DementedElf: gg guys